 Dungeon Crawl Stone Soup version 0.28.0-53-g5a82cb258f (webtiles) character file.

Game seed: 2294885571809182574

2766 Infinimo the Basher (level 9, -11/59 HPs)
             Began as a Gargoyle Berserker on June 15, 2022.
             Was a Believer of Trog.
             Shot with a sling bullet by Joseph (18 damage)
             ... on level 7 of the Dungeon on June 16, 2022.
             The game lasted 00:08:48 (8153 turns).

Infinimo the Basher (Gargoyle Berserker)            Turns: 8153, Time: 00:08:49

Health: -11/59     AC: 18    Str: 24    XL:     9   Next: 69%
Magic:  9/9        EV:  8    Int:  9    God:    Trog [**....]
Gold:   259        SH:  0    Dex:  9    Spells: 8/8 levels left

rFire   . . .      SeeInvis .   a - +1 mace
rCold   . . .      Faith    .   (no shield)
rNeg    + . .      Spirit   .   s - +1 chain mail
rPois   ∞          Reflect  .   (no helmet)
rElec   +          Harm     .   (no cloak)
rCorr   .          Rampage  .   (no gloves)
Will    .....                   (no boots)
Stlth   ..........              (no amulet)
HPRegen 0.19/turn               (no ring)
MPRegen 0.11/turn               (no ring)

@: on berserk cooldown
A: sickness immunity, AC +6, negative energy resistance 1, electricity
resistance, torment resistance 1, petrification resistance
a: Renounce Religion, Berserk, Trog's Hand


You were on level 7 of the Dungeon.
You worshipped Trog.
Trog was pleased with you.
You visited 1 branch of the dungeon, and saw 7 of its levels.

You collected 259 gold pieces.

Inventory:

Hand Weapons
 a - a +1 mace (weapon)
Armour
 s - a +1 chain mail (worn)
Jewellery
 d - a ring of fire
 h - a ring of protection from cold
 m - a +4 ring of protection
Wands
 r - a wand of iceblast (14)
Scrolls
 e - a scroll of magic mapping
 f - 2 scrolls of enchant armour
 k - a scroll of blinking
 l - 4 scrolls of noise
 n - a scroll of vulnerability
Potions
 b - a potion of attraction {unknown}
 c - a potion of lignification {unknown}
 g - a potion of resistance {unknown}
 i - 2 potions of heal wounds
 j - a potion of curing
 o - 3 potions of flight
 p - a potion of berserk rage {unknown}
 q - a potion of ambrosia {unknown}


   Skills:
 + Level 7.8 Fighting
 * Level 9.7 Maces & Flails
 + Level 7.4 Armour
 - Level 1.5 Dodging


You had 8 spell levels left.
You didn't know any spells.
Your spell library was empty.

Dungeon Overview and Level Annotations

Branches:
Dungeon (7/15)             Temple (0/1) D:4

Altars:
Ashenzari
Nemelex Xobeh
Okawaru
The Shining One

Annotations:
D:7 Joseph


Innate Abilities, Weirdness & Mutations

You are immune to sickness and miasma.
Your stone body is resilient. (AC +6)
You are immune to poison.
You resist negative energy. (rN+)
You are resistant to electric shocks. (rElec)
You are resistant to unholy torment.
You are immune to petrification.


Message History

You are too injured to fight recklessly!
You are too injured to fight recklessly!
You closely miss the orc wizard. The gnoll hits you but does no damage.
You sock the orc wizard!
The orc wizard is almost dead.
The orc wizard closely misses you.
Joseph shoots a sling bullet.
The sling bullet hits you! The gnoll barely misses you.
You sock the orc wizard!
You kill the orc wizard!
Trog accepts your kill.
Trog appreciates your killing of a magic user.
Joseph shoots a sling bullet.
The sling bullet hits you!
You are no longer berserk.
You are exhausted.
You feel yourself slow down. The gnoll barely misses you.
You barely miss the gnoll. The gnoll hits you with a +0 spear.
* * * LOW HITPOINT WARNING * * *
Joseph shoots a sling bullet.
The sling bullet hits you.
* * * LOW HITPOINT WARNING * * *
Blink to where?
Press: ? - help, Dir - move target
As you read the scroll of blinking, it crumbles to dust.
Okay, then.
As you read the scroll labelled RYBLYA XYEF, it crumbles to dust.
It is a scroll of enchant armour.
Your +0 chain mail glows green for a moment.
The gnoll hits you but does no damage. The gnoll barely misses you.
Joseph shoots a sling bullet.
The sling bullet hits you!
* * * LOW HITPOINT WARNING * * *
The gnoll hits you from afar with a +0 spear.
* * * LOW HITPOINT WARNING * * *
The gnoll barely misses you.
Blink to where?
Press: ? - help, Dir - move target
As you read the scroll of blinking, it crumbles to dust.
You feel yourself speed up.
There is a stone staircase leading up here.
Joseph shoots a sling bullet.
The sling bullet hits you!!
You die...

##....###### ##...### #
#..g## #.######## #..##
........####.#
.........###@#
#####.........########
.....................#
.......@<.g..........#
.....................#
...............<....#
....................#
....................#
.....................[#
.....................##
.#########...........#
#..........##


You could see Joseph and a gnoll.

Vanquished Creatures
  Grinder (D:3)
  Eustachio (D:6)
  A steam dragon (D:4)
  3 water moccasins
  An orc warrior (D:7)
  2 ice beasts
  A black bear (D:5)
  2 sky beasts
  3 ogres
  2 phantoms (D:5)
  2 bullfrogs (D:6)
  A water moccasin skeleton (D:5)
  5 wights
  A bullfrog zombie (D:6)
  A bullfrog skeleton (D:6)
  2 hounds
  A centaur zombie (D:6)
  4 orc priests
  A jelly (D:3)
  Jessica (D:2)
  An iguana (D:6)
  5 orc wizards
  6 gnolls
  3 adders
  A shadow imp (D:6)
  An ufetubus (D:5)
  An adder skeleton (D:4)
  2 worms
  3 dart slugs
  17 orcs
  7 endoplasms
  4 giant cockroaches
  5 goblins
  3 hobgoblins
  4 jackals
  3 quokkas
  8 ball pythons
  5 bats
  3 frilled lizards
  8 kobolds
  6 rats
132 creatures vanquished.

Vanquished Creatures (collateral kills)
  2 goblins (D:3)
2 creatures vanquished.

Vanquished Creatures (others)
  A fungus (D:2)
  2 plants (D:2)
3 creatures vanquished.

Grand Total: 137 creatures vanquished

Notes
Turn   | Place    | Note
-------+----------+-------------------------------------------
     0 | D:1      | Infinimo the Gargoyle Berserker began the quest for the
                  | Orb.
     0 | D:1      | Reached XP level 1. HP: 14/14 MP: 1/1
   330 | D:1      | Reached XP level 2. HP: 14/19 MP: 2/2
  1231 | D:1      | Reached XP level 3. HP: 23/23 MP: 3/3
  2194 | D:2      | Found a faded altar of an unknown god.
  2435 | D:2      | Noticed Jessica
  2439 | D:2      | Killed Jessica
  2440 | D:2      | Reached skill level 4 in Maces & Flails
  2440 | D:2      | Reached XP level 4. HP: 29/29 MP: 4/4
  2774 | D:2      | Identified the +0 tower shield of the Game of Kings {Harm
                  | rPois rF- rC++}
  3200 | D:3      | Reached XP level 5. HP: 33/33 MP: 5/5
  3304 | D:3      | Found an iron altar of Okawaru.
  3628 | D:3      | Noticed Grinder
  3639 | D:3      | Paralysed by Grinder for 4 turns
  3646 | D:3      | Paralysed by Grinder for 7 turns
  3652 | D:3      | HP: 1/33 [Grinder/nerve-wracking pain (5)]
  3655 | D:3      | Killed Grinder
  3656 | D:3      | Reached skill level 5 in Maces & Flails
  3656 | D:3      | Reached XP level 6. HP: 37/40 MP: 6/6
  3775 | D:3      | Found a glowing golden altar of the Shining One.
  3778 | D:3      | Found a sparkling altar of Nemelex Xobeh.
  3781 | D:3      | Found a broken altar of Ashenzari.
  4135 | D:4      | Identified the +0 pair of gloves "Qiwkilaerch" {+Blink rF-
                  | rN+ Dex+4 Stlth+}
  4216 | D:4      | Noticed a sky beast
  4229 | D:4      | Killed a sky beast
  4230 | D:4      | Reached skill level 5 in Fighting
  4230 | D:4      | Reached XP level 7. HP: 44/44 MP: 7/7
  4435 | D:4      | Noticed a steam dragon
  4792 | D:4      | Killed a steam dragon
  4793 | D:4      | Reached skill level 6 in Maces & Flails
  5189 | D:4      | Found a staircase to the Ecumenical Temple.
  5245 | D:5      | Entered Level 5 of the Dungeon
  5251 | D:5      | Reached skill level 5 in Armour
  5325 | D:5      | Reached XP level 8. HP: 37/51 MP: 8/8
  5474 | D:4      | Reached skill level 7 in Maces & Flails
  6283 | D:5      | Reached skill level 8 in Maces & Flails
  6964 | D:6      | Reached XP level 9. HP: 53/56 MP: 9/9
  7224 | D:6      | Reached ** piety under Trog
  7251 | D:6      | Noticed Eustachio
  7262 | D:6      | Killed Eustachio
  7319 | D:6      | Reached skill level 9 in Maces & Flails
  8114 | D:7      | Noticed Joseph
  8138 | D:7      | HP: 2/59 [gnoll/+0 spear (4)]
  8153 | D:7      | Shot with a sling bullet by Joseph

Illustrated notes

Levels and vault maps discovered:
D:1:      dpeg_arrival_lava_temple_mockup, layout_loops_corners,
          serial_co_window_serial, co_window_of_opportunity_a,
          co_window_paths_a, co_window_paths_a, co_window_corner_a,
          co_window_of_opportunity_a, co_window_corner_b, co_window_broadway_b,
          co_window_paths_c, co_window_unsneaky_path_a, co_window_corner_cb,
          co_window_corner_b, co_window_corner_b, glass_columns_a,
          glass_columns_c, glass_columns_a
D:2:      layout_loops_ring, shapermc_ecumenical_altar_rom_forum,
          serial_bayou_lake_a, uniq_jessica
D:3:      layout_basic, minitemple, kennysheep_okawaru_gauntlet, uniq_grinder
D:4:      layout_basic, temple_hall
D:5:      layout_cave_pools, serial_column_ruins, column_ruins_hut_ruined,
          column_ruins_courtyard_long, column_ruins_corridor_straight,
          column_ruins_corridor_corner, column_ruins_columns_water,
          column_ruins_open_tiny
D:6:      layout_basic, uniq_eustachio
D:7:      layout_layer_cave, kennysheep_small_square, uniq_joseph

Skill      XL: |  1  2  3  4  5  6  7  8  9 |
---------------+----------------------------+-----
Maces & Flails | 4 5 6 8 9 |  9.7
Armour         | 3 4 5 6 7 |  7.4
Fighting       | 4 5 6 7 |  7.8
Dodging        | |  1.5

Action                   |  1- 3 |  4- 6 |  7- 9 || total
-------------------------+-------+-------+-------++-------
Melee: Mace              |   114 |   100 |   314 ||   528
       Punch             |     1 |       |     3 ||     4
Invok: Berserk           |     4 |     6 |    14 ||    24
  Use: Scroll            |     3 |     5 |     8 ||    16
       Potion            |       |     1 |     1 ||     2
 Stab: Sleeping          |       |     1 |       ||     1
Armor: Animal skin       |    35 |    37 |    80 ||   152
       Chain mail        |       |       |    71 ||    71
Dodge: Dodged            |    85 |    49 |   131 ||   265
